Map: Cyber Forest LE

Players

Parkkatz

  • Race: Zerg Zerg
  • League: Platinum
  • Spawn Location: 5:00

Pwnography - Winner!

  • Race: Terran Terran
  • Spawn Location: 11:00

VOD

Have the link to the VOD?

Description

Time

  • Played on: July 4, 2019, 8:46 p.m.
  • Length: 26:50
Show
View Real Time Build Order
Export as new Build Order

Parkkatz Zerg 

Build Orders: Hatch First 

Get SALT Encoding   

  12  0:01  Drone  
  13  0:14  Overlord  
  13  0:18  Drone  
  14  0:36  Drone x2  
  14  0:37  Drone  
  17  0:48  Drone  
  18  1:00  Hatchery, Drone  
  18  1:01  Extractor  
  17  1:15  Spawning Pool  
  17  1:17  Drone  
  17  1:22  Drone  
  18  1:31  Drone  
  19  1:41  Overlord  
  19  2:04  Queen  
  19  2:06  Zergling x4  
  23  2:15  Metabolic Boost  
  23  2:18  Drone x2  
  23  2:19  Queen  
  27  2:24  Drone x2  
  29  2:36  Drone x2  
  31  2:45  Overlord  
  31  2:48  Drone  
  32  2:54  Queen  
  34  3:03  Roach Warren  
  34  3:04  Evolution Chamber  
  34  3:05  Drone x2  
  34  3:12  Drone x2  
  36  3:25  Drone  
  36  3:26  Drone x3  
  40  3:44  Roach  
  40  3:45  Hatchery, Roach  
  43  3:53  Drone  
  44  3:57  Overlord  
  44  4:08  Overlord  
  44  4:21  Roach x3  
  44  4:22  Overlord  
  50  4:26  Overlord  
  50  4:32  Queen  
  50  4:37  Drone x2, Extractor  
  50  4:38  Extractor  
  50  4:57  Spore Crawler  
  50  4:59  Spore Crawler  
  48  5:04  Queen  
  48  5:15  Lair  
  48  5:25  Drone x12  
  48  5:26  Drone x3  
  61  5:46  Spore Crawler  
  56  5:57  Zerg Missile Weapons Level 1  
  56  5:58  Roach  
  56  6:01  Drone  
  56  6:02  Overlord  
  56  6:03  Drone x2  
  56  6:04  Drone x2  
  62  6:05  Drone x2  
  62  6:13  Roach  
  63  6:19  Drone x3  
  65  6:32  Drone x3  
  70  6:33  Roach x4  
  76  6:41  Overlord x2  
  76  6:45  Drone x2  
  78  6:57  Overlord, Hydralisk Den  
  78  6:59  Drone x3  
  80  7:01  Drone  
  80  7:02  Drone x4, Extractor x2  
  80  7:03  Drone x3  
  80  7:06  Ravager x2  
  88  7:15  Glial Reconstitution  
  88  7:20  Drone x2  
  88  7:21  Drone  
  91  7:28  Overseer  
  91  7:33  Drone x2  
  93  7:38  Roach x2  
  93  7:39  Roach x5  
  107  7:58  Overlord  
  107  8:05  Overlord x2  
  107  8:10  Extractor  
  106  8:13  Infestation Pit  
  106  8:16  Muscular Augments  
  106  8:17  Hatchery, Zerg Missile Weapons Level 2, Extractor  
  106  8:19  Extractor  
  102  8:21  Overlord  
  102  8:26  Pneumatized Carapace  
  102  8:27  Drone x2  
  102  8:28  Drone  
  105  8:43  Overlord x2  
  105  8:44  Hatchery  
  104  8:52  Hydralisk x7  
  104  8:53  Hydralisk x4  
  126  9:04  Hive  
  126  9:08  Evolution Chamber  
  125  9:20  Infestor  
  127  9:33  Drone x6  
  127  9:34  Drone  
  124  9:55  Zerg Ground Armor Level 1  
  124  9:59  Drone x2  
  127  10:00  Hydralisk, Drone x4  
  127  10:01  Hydralisk x8  
  144  10:18  Hydralisk  
  144  10:19  Hydralisk x4  
  124  10:40  Hydralisk  
  124  10:41  Hydralisk x7  
  133  10:47  Overlord x3  
  133  10:49  Drone  
  129  10:50  Drone x3  
  129  10:51  Hydralisk  
  129  10:52  Hydralisk x3  
  129  10:54  Overlord x2  
  134  11:03  Zergling x2  
  134  11:04  Zergling x12  
  133  11:17  Hydralisk  
  133  11:18  Hydralisk x9  
  139  11:30  Spire  
  138  11:37  Drone x4  
  142  11:42  Zergling x18  
  142  11:43  Zergling x10  
  150  11:59  Hatchery  
  136  12:03  Hydralisk x6  
  136  12:04  Hydralisk x8  
  135  12:18  Drone x3, Overlord  
  135  12:19  Overlord x2  
  127  12:28  Hydralisk  
  127  12:29  Hydralisk x6  
  134  12:30  Hydralisk x2  
  144  12:37  Hydralisk  
  144  12:38  Hydralisk x3  
  152  12:50  Zergling x2  
  152  12:51  Zergling x32  
  158  12:54  Overseer  
  168  13:16  Extractor  
  168  13:18  Extractor  
  124  13:29  Zergling x2  
  124  13:30  Zergling x38  
  124  13:31  Zergling x8  
  115  13:42  Greater Spire  
  115  13:45  Hydralisk x8  
  129  13:48  Queen x2  
  129  13:49  Queen x4  
  141  13:56  Drone x3  
  141  13:57  Drone x3  
  141  14:01  Hydralisk  
  141  14:02  Hydralisk x9  
  167  14:15  Hydralisk, Drone x3  
  167  14:16  Hydralisk x4  
  161  14:21  Adrenal Glands  
  156  14:25  Zerg Missile Weapons Level 3  
  156  14:29  Hydralisk  
  156  14:30  Hydralisk, Baneling Nest  
  159  14:47  Corruptor x5  
  159  14:51  Drone  
  159  14:52  Zergling x6  
  173  14:58  Neural Parasite  
  173  15:01  Grooved Spines  
  173  15:21  Hatchery  
  173  15:23  Zerg Ground Armor Level 2, Extractor  
  173  15:24  Extractor  
  173  15:28  Brood Lord x4  
  178  15:31  Brood Lord  
  175  15:43  Zergling x6  
  175  15:44  Zergling x22  
  187  15:51  Hydralisk x3  
  187  15:52  Hydralisk  
  183  16:27  Hydralisk x8  
  183  16:28  Hydralisk x5  
  197  16:38  Queen  
  197  16:39  Drone  
  180  16:41  Hydralisk x6  
  180  16:42  Hydralisk  
  166  16:58  Hydralisk x7  
  166  16:59  Hydralisk  
  178  17:07  Zerg Melee Weapons Level 1  
  172  17:15  Hydralisk x5  
  172  17:16  Hydralisk  
  178  17:23  Ultralisk Cavern  
  178  17:28  Hydralisk  
  178  17:29  Hydralisk x3  
  185  17:37  Zerg Flyer Armor Level 1  
  185  17:40  Corruptor  
  185  17:41  Corruptor  
  159  18:12  Corruptor x7  
  157  18:13  Corruptor x2  
  157  18:14  Zergling x2  
  157  18:15  Zergling x4  
  174  18:23  Roach  
  174  18:24  Roach x4  
  174  18:26  Roach  
  186  18:30  Centrifical Hooks  
  186  18:33  Corruptor  
  188  18:41  Corruptor x2  
  181  19:01  Hydralisk x10  
  181  19:02  Hydralisk  
  177  19:07  Brood Lord  
  177  19:09  Brood Lord  
  175  19:19  Hydralisk x5  
  175  19:22  Brood Lord  
  187  19:25  Brood Lord  
  187  19:28  Brood Lord  
  191  19:35  Hydralisk  
  191  19:36  Hydralisk x3  
  199  19:52  Pathogen Glands  
  199  19:54  Chitinous Plating  
  199  19:57  Zerg Ground Armor Level 3  
  189  20:30  Zergling x16  
  189  20:31  Zergling x6  
  190  20:37  Corruptor x7  
  188  20:43  Hydralisk  
  188  20:44  Hydralisk x6  
  188  20:49  Corruptor  
  186  20:50  Corruptor  
  186  20:53  Zergling x2  
  186  20:54  Zergling x6  
  151  21:19  Brood Lord x5  
  151  21:23  Zergling x2  
  151  21:24  Zergling x8  
  151  21:25  Zergling x12  
  172  21:26  Zergling x2  
  172  21:31  Zerg Melee Weapons Level 2  
  173  21:50  Zergling x2  
  173  21:51  Zergling x30  
  138  22:16  Hydralisk x7  
  138  22:17  Hydralisk x2  
  138  22:18  Hydralisk  
  129  22:30  Hatchery, Extractor  
  129  22:32  Extractor  
  126  22:46  Hydralisk  
  126  22:47  Hydralisk x2  
  132  22:55  Hatchery  
  131  22:59  Extractor  
  131  23:01  Zergling x22  
  131  23:02  Zergling x2  
  131  23:04  Hydralisk  
  144  23:07  Hydralisk, Extractor  
  145  23:19  Hydralisk, Zergling x2  
  148  23:20  Hydralisk x4  
  156  23:36  Zergling x10  
  156  23:37  Zergling x14  
  159  23:55  Zergling x2  
  159  23:56  Zergling x30  
  159  23:57  Zergling x2  
  168  24:03  Zergling x12  
  168  24:04  Zergling x2  
  168  24:08  Hydralisk  
  168  24:09  Hydralisk  
  153  24:22  Hydralisk x7  
  167  24:25  Baneling x3  
  167  24:26  Baneling x3  
  167  24:31  Queen  
  167  24:33  Hydralisk  
  167  24:34  Hydralisk  
  173  24:49  Hydralisk, Drone x3  
  173  24:50  Hydralisk x5  
  187  25:04  Drone  
  187  25:06  Hydralisk x5  
  193  25:07  Hydralisk  
  183  25:19  Hydralisk  
  183  25:20  Hydralisk x3  
  183  25:21  Hydralisk  
  173  25:25  Hydralisk  
  173  25:26  Hydralisk  
  173  25:28  Hydralisk x2  
  171  25:34  Zergling x8  
  171  25:35  Zergling x2  
  165  25:36  Zergling x2  
  165  25:37  Zergling x2  
  165  25:38  Zergling x2  
  165  25:42  Zergling x6  
  158  25:43  Zergling x2  
  158  25:47  Hydralisk  
  158  25:48  Hydralisk  
  148  25:58  Hydralisk x3  
  148  25:59  Hydralisk  
  149  26:10  Hydralisk  
  148  26:11  Hydralisk x2  
  148  26:12  Hydralisk  
  140  26:20  Hydralisk  
  140  26:21  Hydralisk  
  140  26:25  Hydralisk  
  95  26:32  Zergling x2  
Show
View Real Time Build Order
Export as new Build Order

Pwnography Terran - Winner!

Build Orders: Mech, Banshee Rush 

Get SALT Encoding   

  12  0:01  SCV  
  13  0:13  SCV  
  14  0:17  Supply Depot  
  14  0:25  SCV  
  15  0:28  Refinery  
  15  0:39  SCV  
  16  0:46  Barracks  
  16  0:51  SCV  
  17  1:03  SCV  
  18  1:15  SCV  
  19  1:27  SCV  
  20  1:40  Command Center  
  20  1:49  Factory  
  20  1:57  SCV  
  20  1:59  Barracks Reactor  
  21  2:09  Orbital Command  
  21  2:14  Refinery  
  21  2:21  Supply Depot  
  21  2:39  SCV  
  21  2:43  Hellion x2  
  26  2:51  SCV  
  27  2:54  Starport  
  27  2:55  Barracks Tech Lab  
  28  2:58  SCV  
  28  3:04  Hellion  
  30  3:09  Hellion  
  32  3:15  Orbital Command  
  32  3:22  SCV  
  33  3:34  SCV  
  33  3:38  Banshee  
  33  3:39  Cloaking Field  
  37  3:46  SCV  
  37  3:47  SCV  
  39  3:58  SCV  
  39  3:59  SCV  
  41  4:09  Widow Mine x2  
  45  4:10  SCV  
  46  4:17  Command Center  
  46  4:21  Engineering Bay  
  46  4:43  Supply Depot  
  46  4:49  Supply Depot  
  46  4:59  Banshee  
  45  5:11  Supply Depot  
  45  5:25  Factory Tech Lab  
  45  5:30  Planetary Fortress  
  45  5:36  Supply Depot  
  45  5:59  SCV x2  
  47  6:11  SCV x2  
  49  6:16  SCV  
  50  6:19  Refinery  
  50  6:20  Refinery  
  50  6:23  SCV x2  
  49  6:27  Raven  
  49  6:28  SCV  
  52  6:39  Factory  
  52  6:42  Factory  
  52  6:45  Armory  
  52  6:48  Armory  
  52  6:54  SCV x3  
  55  7:02  Missile Turret x2  
  55  7:04  Missile Turret  
  55  7:06  SCV x2  
  55  7:07  Command Center  
  55  7:08  Missile Turret x3  
  57  7:09  Command Center  
  57  7:11  SCV  
  58  7:18  SCV x2  
  60  7:23  SCV  
  61  7:30  SCV x2  
  61  7:35  Starport Reactor, SCV  
  64  7:40  Factory Tech Lab  
  64  7:42  SCV  
  64  7:43  Thor, SCV  
  72  7:47  SCV  
  73  8:02  Siege Tank x2  
  79  8:07  Drilling Claws, Infernal Pre-Igniter  
  79  8:11  Liberator x2  
  79  8:26  Siege Tank  
  88  8:49  Siege Tank x2  
  94  9:06  Hellbat  
  94  9:09  Refinery  
  96  9:11  Viking x2  
  96  9:13  Planetary Fortress  
  96  9:14  SCV  
  96  9:15  SCV x3  
  104  9:21  Terran Vehicle Weapons Level 1  
  104  9:22  Hellbat x2  
  104  9:23  Refinery  
  108  9:27  Hellbat, SCV  
  111  9:41  Viking x2  
  111  9:43  Hellbat  
  108  10:18  Planetary Fortress  
  83  10:46  Liberator x2  
  78  10:53  Command Center  
  78  10:54  Command Center  
  77  11:02  Siege Tank x3  
  82  11:34  Siege Tank x2  
  88  11:40  Factory Reactor  
  88  11:42  Terran Vehicle And Ship Armor Level 1, Terran Vehicle Weapons Level 2  
  88  11:43  Factory  
  76  12:21  Siege Tank x2  
  79  12:44  Hi-Sec Auto Tracking  
  79  12:47  SCV x5  
  84  12:53  Siege Tank, Orbital Command  
  84  12:58  Hellbat x4  
  95  12:59  SCV x5  
  100  13:11  SCV x4  
  101  13:13  Supply Depot  
  101  13:14  Supply Depot x2  
  101  13:16  Supply Depot x2  
  101  13:19  Hellbat x2  
  100  13:20  Hellbat  
  86  13:41  SCV, Neosteel Armor  
  82  13:42  SCV x5  
  88  13:48  Sensor Tower  
  88  13:52  Hellbat x3  
  88  13:53  Hellbat, SCV  
  88  13:54  SCV x4  
  101  13:56  Siege Tank  
  101  13:57  Medivac x2  
  108  14:07  Orbital Command  
  108  14:14  Hellbat x4  
  116  14:21  Terran Vehicle And Ship Armor Level 2, Terran Vehicle Weapons Level 3  
  114  14:28  Siege Tank  
  117  14:35  Hellbat x4  
  125  14:46  Command Center  
  125  14:47  Viking x2, Command Center  
  125  14:50  Missile Turret  
  129  14:54  Command Center, Missile Turret  
  129  14:55  Missile Turret x3  
  129  14:56  Widow Mine x2  
  129  14:57  Missile Turret, Widow Mine  
  135  15:17  Barracks  
  135  15:24  Widow Mine  
  135  15:25  Widow Mine x4  
  145  15:46  Widow Mine x4  
  153  15:54  Refinery x2  
  99  16:50  Viking x2  
  100  17:09  Hellbat x4  
  100  17:10  Hellbat  
  100  17:12  Terran Ship Weapons Level 1, Terran Vehicle And Ship Armor Level 3  
  108  17:20  Viking x2  
  112  17:30  Hellbat  
  112  17:31  Starport, Hellbat x4  
  112  17:33  Starport  
  112  17:36  Planetary Fortress  
  122  17:37  Planetary Fortress  
  122  17:38  Starport  
  122  17:39  Orbital Command  
  120  17:50  Viking  
  116  18:12  Starport  
  116  18:16  Viking  
  116  18:17  Siege Tank  
  116  18:18  Siege Tank x2  
  125  18:20  Viking  
  125  18:21  Hellbat x2  
  125  18:23  SCV  
  125  18:24  SCV x5  
  137  18:32  Starport Reactor x2  
  137  18:42  Hellbat x2  
  141  18:50  Hellbat  
  139  19:15  Command Center x2  
  139  19:17  Missile Turret  
  139  19:18  Missile Turret  
  139  19:19  Command Center  
  139  19:20  Siege Tank x2, Missile Turret  
  139  19:21  Siege Tank  
  139  19:22  Missile Turret  
  148  19:52  Siege Tank x2  
  151  19:54  Viking x2  
  151  19:55  Viking x6  
  170  20:05  Missile Turret x2  
  170  20:09  Missile Turret  
  170  20:11  Missile Turret  
  168  20:24  Viking x2  
  168  20:27  Missile Turret  
  160  20:37  Thor x2  
  160  20:38  Thor  
  160  20:39  Viking  
  145  21:03  Viking  
  145  21:04  Viking x3  
  137  21:20  Thor x2  
  149  21:31  Planetary Fortress  
  149  21:35  Viking x2  
  153  21:45  Refinery  
  153  21:48  Refinery  
  135  22:23  Hellbat x2  
  135  22:24  Hellbat x3  
  138  22:45  Starport Reactor x2, Hellbat x5  
  138  22:48  Terran Ship Weapons Level 2  
  148  23:06  Hellbat x3  
  154  23:17  Command Center  
  154  23:19  Command Center  
  154  23:20  Missile Turret  
  154  23:21  Viking x3  
  154  23:22  Missile Turret  
  154  23:23  Viking  
  162  23:29  Missile Turret  
  162  23:43  Missile Turret  
  162  23:46  Refinery  
  162  23:52  Refinery  
  158  24:02  Planetary Fortress  
  144  24:24  Hellbat x2  
  144  24:25  Hellbat x3  
  154  24:37  Planetary Fortress x2  
  154  24:46  Hellbat x4  
  162  24:53  Orbital Command  
  142  26:02  Hellbat  
  142  26:03  Hellbat x4  
  148  26:05  Viking x3  
  148  26:06  Viking x6  
  152  26:24  Hellbat x2  
Tags
 
Composition
Mech
League
Platinum
Matchup
TvZ
Replay Pack
SC2 replays
Spawn Locations
Cross Positions
Strategy
Banshee Rush
Add a new tag
Caveats
  • Supply blocks, unpowered buildings, or Contaminate may cause inaccurate times.
  • Supply counts are checked every 10 seconds.